 Dungeon Crawl Stone Soup version 0.31.0-32-g396128a36d (webtiles) character file.

Game seed: 12389985911701583654

45075 patfeehan111222 the Severer (level 13, -3/116 (117) HPs)
             Began as a Minotaur Berserker on Mar 21, 2024.
             Was a Priest of Trog.
             Incinerated by Qymaymp's ghost (10 damage)
             ... with a sticky flame
             ... on level 14 of the Dungeon.
             The game lasted 00:29:56 (22064 turns).

patfeehan111222 the Severer (Minotaur Berserker)   Turns: 22064, Time: 00:29:57

HP:   -3/116 (117)  AC: 16    Str: 25    XL:     13   Next: 99%
MP:   12/12         EV: 18    Int:  6    God:    Trog [***...]
Gold: 400           SH: 12    Dex: 16    Spells: 12/12 levels left

rFire   + + .        q - +3 war axe
rCold   + + .        H - +0 buckler
rNeg    . . .        t - +0 chain mail
rPois   +            N - +0 hat
rElec   +            r - scarf {rC+ rF+}
rCorr   +            k - +0 pair of gloves
SInv    .            y - +1 pair of boots {Fly}
Will    .....        G - amulet of reflection Stlth
                     K - +5 ring of evasion
HPRegen 0.39/turn    m - +6 ring of dexterity
MPRegen 0.13/turn

%: reflection
@: on fire, resistant, on berserk cooldown, flying, slowed, glowing, studying
Polearms, lightly drained, very slow
A: horns 2, retaliatory headbutt
a: Renounce Religion, Berserk, Trog's Hand


You were on level 14 of the Dungeon.
You worshipped Trog.
Trog was most pleased with you.
You visited 1 branch of the dungeon, and saw 14 of its levels.
You also visited: Ossuary and Bailey.

You collected 1495 gold pieces.
You spent 1095 gold pieces at shops.

Inventory:

Hand Weapons
 q - a +3 war axe (weapon)
Missiles
 j - 28 boomerangs (quivered)
 w - a javelin
Armour
 k - a +0 pair of gloves (worn)
 r - a scarf of resistance (worn)
 t - a +0 chain mail (worn)
 y - a +1 pair of boots of flying (worn)
 H - a +0 buckler (worn)
 N - a +0 hat (worn)
Jewellery
 c - an amulet of regeneration
 f - a ring of protection from cold
 m - a +6 ring of dexterity (right hand)
 o - a ring of ice
 G - an amulet of reflection (around neck)
 K - a +5 ring of evasion (left hand)
 Q - a ring of positive energy
 S - a +4 ring of slaying
 T - a ring of resist corrosion
Talismans
 e - a flux talisman
 p - a granite talisman
Wands
 I - a wand of digging (5)
 O - a wand of paralysis (7)
Scrolls
 b - a scroll of silence
 h - 3 scrolls of vulnerability
 n - 9 scrolls of teleportation
 s - 5 scrolls of revelation
 u - 4 scrolls of fear
 v - a scroll of amnesia
 x - 4 scrolls of blinking
 E - 3 scrolls of poison
 J - a scroll of noise
 L - a scroll of immolation
 M - 4 scrolls of identify
 R - a scroll of fog
Potions
 a - 2 potions of resistance
 d - a potion of degeneration
 g - a potion of curing
 l - 3 potions of enlightenment
 z - 13 potions of ambrosia
 A - 3 potions of mutation
 B - 5 potions of haste
 C - 5 potions of invisibility
 D - 2 potions of cancellation
 F - a potion of lignification
 U - a potion of heal wounds
Miscellaneous
 i - a box of beasts
 P - a condenser vane


   Skills:
 + Level 11.9 Fighting
 + Level 15.8 Axes
 + Level 5.8 Throwing
 + Level 12.3 Armour
 + Level 7.9 Dodging
 + Level 4.7 Stealth
 + Level 10.1 Shields
 + Level 1.2 Unarmed Combat
 + Level 4.1 Evocations


You had 12 spell levels left.
You didn't know any spells.
Your spell library was empty.

Dungeon Overview and Level Annotations

Branches:
Dungeon (14/15)            Temple (0/1) D:5            Lair (0/5) D:8
    Orc (0/2) D:12         Vaults (0/5) D:14        Ossuary (visited)
 Bailey (visited)

Altars:
Ashenzari
Cheibriados
Gozag
Hepliaklqana
Kikubaaqudgha
Makhleb
Nemelex Xobeh
Okawaru
Ru
Sif Muna
Trog
Uskayaw
Vehumet
Wu Jian
Xom
Zin

Shops:
D:2 *(:   D:13 *

Annotations:
D:7 2 transporters, PaiMei's ghost, novice DsNe
D:14 Qymaymp's ghost, adept GrEE


Innate Abilities, Weirdness & Mutations

You have a pair of horns on your head.
You reflexively headbutt those who attack you in melee.


Message History

Qymaymp's ghost hits you but does no damage.
You block the orc's attack. You block the orc warrior's attack.
Qymaymp's ghost hits you!
* * * LOW HITPOINT WARNING * * *
Qymaymp's ghost burns you.
* * * LOW HITPOINT WARNING * * *
The orc closely misses you.
You closely miss Qymaymp's ghost.
You headbutt Qymaymp's ghost, but do no damage.
Qymaymp's ghost is heavily damaged.
The liquid fire burns you!
* * * LOW HITPOINT WARNING * * *
The orc warrior barely misses you.
Qymaymp's ghost casts a spell next to you.
The wall shatters!
The blast of rock fragments hits you.
* * * LOW HITPOINT WARNING * * *
The orc hits you but does no damage.
You feel better. The liquid fire burns you!
* * * LOW HITPOINT WARNING * * *
Your surroundings suddenly seem different.
Okay, then.
You are on fire!
You are on fire!
You are on fire!
You are on fire!
You are on fire!
Unknown command.
Okay, then.
You feel better. The liquid fire burns you!
* * * LOW HITPOINT WARNING * * *
You are on fire!
You are on fire!
You feel protected. The liquid fire burns you!
* * * LOW HITPOINT WARNING * * *
You feel better. The liquid fire burns you!
You die...

#..∩..# #....## ##.^.##
##.##..# ##.## #.#.##.# #.#
##.#.##.## #.# #.#.#.#..#
##.## ##.#.#.##.# #...#
#.#.#.#.#.# ##...##
#.#.#.#.#.# #[)...#
###@#.#.##.# #.....#
#.#.#.#.#..# ##'''##
#.##.#.##.## #....#
#..#.#.#..# #....#
#..##.##..# #..###
#..##..#..# #..# #..###....#
#..# #..# ###..#
######..######..#####..######


There were no monsters in sight!

Vanquished Creatures
  The ghost of jimmypageman the Severer, a journeyman MiFi of Okawaru (D:12)
  A fire dragon (D:14)
  2 hydras
  A vault guard (D:14)
  An ironbound frostheart (D:14)
  2 boulder beetles
  4 centaur warriors
  3 two-headed ogres
  3 skeletal warriors (D:13)
  A fire crab (shapeshifter) (D:14)
  A deep elf pyromancer (D:13)
  4 orc knights
  A manticore (D:12)
  An ugly thing (D:13)
  A black mamba (shapeshifter) (D:11)
  The ghost of yey the Gouger, a novice FeSh of Ru (D:9)
  2 gargoyles
  A freezing wraith (D:14)
  An unseen horror (D:11)
  5 trolls
  10 hornets
  A queen bee (D:11)
  Sigmund (D:2)
  An air elemental (D:13)
  A shadow (D:6)
  A wyvern (D:9)
  A water elemental (D:13)
  3 vampires
  A fire elemental (D:13)
  A human (D:14)
  6 yaks (D:12)
  2 wraiths
  7 vampire mosquitoes
  A warg (shapeshifter) (D:13)
  A steam dragon (D:8)
  An acid dragon (D:12)
  2 water moccasins
  8 orc warriors
  A black bear (D:6)
  A laughing skull (D:14)
  The ghost of Dungobob the Covered, an amateur MiFi (D:3)
  4 centaurs
  A phantom (D:4)
  3 kobold brigands
  An elf zombie (Ossuary)
  An earth elemental (D:13)
  A scorpion (D:6)
  6 bullfrogs
  2 gnoll sergeants (D:10)
  23 killer bees (D:11)
  2 howler monkeys
  A human zombie (Ossuary)
  3 jellies
  2 hounds (D:6)
  A bombardier beetle (D:5)
  A gnoll bouda (D:7)
  3 quasits (D:3)
  11 orc priests
  Terence (D:3)
  2 sleepcaps (D:5)
  Ijyb (D:3)
  3 iguanas
  Natasha (thrice) (D:2)
  9 orc wizards
  4 mutant beasts (D:10)
  A hound zombie (Ossuary)
  5 mummies
  13 adders
  16 gnolls
  A shadow imp (D:6)
  A white imp (D:5)
  2 ufetubi (D:7)
  An adder zombie (Ossuary)
  3 ribbon worms
  A dart slug (D:2)
  50 orcs
  6 bats
  8 endoplasms
  2 giant cockroaches
  8 goblins
  8 hobgoblins
  4 jackals (D:4)
  9 quokkas
  4 ball pythons
  3 frilled lizards
  2 gnoll zombies (Ossuary)
  A goblin zombie (Ossuary)
  2 hobgoblin zombies (Ossuary)
  32 kobolds
  2 kobold zombies (Ossuary)
  3 rats
  A rat zombie (Ossuary)
  A spectral orc (D:5)
368 creatures vanquished.

Vanquished Creatures (collateral kills)
  A centaur warrior (D:14)
  A boulder beetle (D:11)
  A deep elf pyromancer (D:14)
  2 vampire mosquitoes (D:11)
  3 swamp drakes (D:11)
  An orc warrior (D:12)
  A laughing skull (D:14)
  3 mutant beasts (D:10)
  An orc (D:12)
14 creatures vanquished.

Grand Total: 382 creatures vanquished

Notes
Turn   | Place    | Note
-------+----------+-------------------------------------------
     0 | D:1      | patfeehan111222 the Minotaur Berserker began the quest for
                  | the Orb.
     0 | D:1      | Reached XP level 1. HP: 19/19 MP: 0/0
   158 | D:1      | Reached XP level 2. HP: 27/27 MP: 1/1
   187 | D:1      | Reached skill level 4 in Axes
   769 | D:2      | Reached XP level 3. HP: 26/34 MP: 2/2
   775 | D:2      | Noticed Natasha
   785 | D:2      | Killed Natasha
   945 | D:2      | Reached XP level 4. HP: 29/41 MP: 3/3
  1107 | D:2      | Found Wuahy's Book Emporium.
  1189 | D:2      | Found Vueskani's Antique Weapon Shoppe.
  1207 | D:2      | Found Inineeph's Assorted Antiques.
  1349 | D:2      | Noticed Natasha
  1356 | D:2      | Killed Natasha
  1357 | D:2      | Reached skill level 5 in Fighting
  1438 | D:2      | Noticed Natasha
  1452 | D:2      | Killed Natasha
  1453 | D:2      | Reached skill level 5 in Axes
  1453 | D:2      | Reached XP level 5. HP: 48/48 MP: 4/4
  1492 | D:2      | Found a faded altar of an unknown god.
  1533 | D:2      | You fall into a shaft and drop 1 floor!
  1612 | D:2      | Noticed Sigmund
  1616 | D:2      | Killed Sigmund
  1617 | D:2      | Reached skill level 1 in Throwing
  1617 | D:2      | Reached XP level 6. HP: 56/56 MP: 5/5
  1801 | D:3      | Found a broken altar of Ashenzari.
  1801 | D:3      | Noticed Ijyb
  1897 | D:3      | Found a sacrificial altar of Ru.
  1970 | D:3      | Reached ** piety under Trog
  2026 | D:3      | Killed Ijyb
  2034 | D:3      | Reached skill level 1 in Stealth
  2285 | D:3      | Noticed Dungobob's ghost (amateur MiFi)
  2300 | D:3      | Found a transporter.
  2340 | D:3      | Found a bloodstained altar of Trog.
  2372 | D:3      | Noticed Terence
  2390 | D:3      | Killed Terence
  2391 | D:3      | Reached skill level 6 in Axes
  2556 | D:3      | Found a transporter.
  2752 | D:3      | Reached skill level 1 in Unarmed Combat
  2758 | D:3      | Killed Dungobob's ghost
  2759 | D:3      | Reached XP level 7. HP: 56/62 MP: 6/6
  2759 | D:3      | Identified the +1 rapier "Kugit" {drain, Str-5 Dex+4}
  3058 | D:4      | Found a glowing silver altar of Zin.
  3223 | D:4      | Found an ancient bone altar of Kikubaaqudgha.
  3621 | D:4      | Found a sparkling altar of Nemelex Xobeh.
  3779 | D:5      | Entered Level 5 of the Dungeon
  3834 | D:5      | Found a sand-covered staircase.
  3845 | Ossuary  | Entered an ossuary
  3854 | Ossuary  | Reached skill level 7 in Axes
  4017 | Ossuary  | Reached *** piety under Trog
  4211 | D:5      | Found an iron altar of Okawaru.
  4491 | D:5      | Reached XP level 8. HP: 51/71 MP: 7/7
  4733 | D:5      | Found a burning altar of Makhleb.
  4733 | D:5      | Noticed a green death
  4775 | D:5      | Found a staircase to the Ecumenical Temple.
  5034 | D:5      | Reached skill level 8 in Axes
  5232 | D:5      | Reached skill level 1 in Evocations
  5639 | D:5      | Found a hazy altar of Hepliaklqana.
  6357 | D:6      | Reached skill level 5 in Armour
  6452 | D:6      | Reached skill level 1 in Shields
  6693 | D:6      | Reached skill level 9 in Axes
  6732 | D:6      | Reached skill level 5 in Dodging
  6732 | D:6      | Reached XP level 9. HP: 64/79 MP: 8/8
  6853 | D:7      | Found a flagged portal.
  6894 | D:7      | Found a radiant altar of Vehumet.
  6916 | Bailey   | Entered a bailey
  7100 | Bailey   | Noticed an orc knight
  7112 | Bailey   | Killed an orc knight
  7113 | Bailey   | Reached skill level 10 in Axes
  7128 | Bailey   | Reached **** piety under Trog
  7989 | D:7      | Noticed PaiMei's ghost (novice DsNe)
  7992 | D:7      | Found a transporter.
  8000 | D:7      | Found a transporter.
  9092 | D:8      | Found a staircase to the Lair.
  9164 | D:8      | Found an ornate altar of the Wu Jian Council.
  9543 | D:8      | Noticed a two-headed ogre
  9551 | D:8      | Killed a two-headed ogre
  9552 | D:8      | Reached XP level 10. HP: 46/88 MP: 9/9
 10259 | D:9      | Paralysed by a hornet for 2 turns
 10262 | D:9      | Reached skill level 11 in Axes
 10512 | D:9      | Found a runed translucent door.
 10512 | D:9      | Noticed yey's ghost (novice FeSh)
 10521 | D:9      | Killed yey's ghost
 10595 | D:9      | Noticed a gargoyle
 10605 | D:9      | Killed a gargoyle
 11299 | D:9      | Noticed a two-headed ogre
 11305 | D:9      | Killed a two-headed ogre
 11643 | D:10     | Entered Level 10 of the Dungeon
 12125 | D:10     | Reached skill level 5 in Shields
 13009 | D:10     | Noticed a juvenile stingbat beast
 13026 | D:10     | Killed a juvenile stingbat beast
 13159 | D:10     | Found a snail-covered altar of Cheibriados.
 13187 | D:10     | Found an opulent altar of Gozag.
 13250 | D:10     | Found a shimmering blue altar of Sif Muna.
 13253 | D:10     | Found a shimmering altar of Xom.
 13256 | D:10     | Found a hide-covered altar of Uskayaw.
 13562 | D:11     | Reached XP level 11. HP: 72/95 MP: 10/10
 13880 | D:11     | Reached skill level 12 in Axes
 14647 | D:11     | Noticed a boulder beetle
 14693 | D:11     | Killed a boulder beetle
 15155 | D:11     | Noticed a boulder beetle
 15220 | D:11     | Killed a boulder beetle
 15856 | D:12     | Reached skill level 13 in Axes
 15933 | D:12     | Found a runed translucent door.
 15933 | D:12     | Noticed jimmypageman's ghost (journeyman MiFi)
 15960 | D:12     | Killed jimmypageman's ghost
 15961 | D:12     | Reached skill level 10 in Armour
 16358 | D:12     | Reached skill level 10 in Fighting
 16380 | D:12     | Found Guhastebri's Island Escapes.
 16388 | D:12     | Bought a scroll of teleportation for 45 gold pieces
 16388 | D:12     | Bought a scroll of blinking for 112 gold pieces
 16388 | D:12     | Bought a wand of digging (3) for 189 gold pieces
 16388 | D:12     | Bought a scroll of fog for 60 gold pieces
 16388 | D:12     | Bought a potion of haste for 150 gold pieces
 16388 | D:12     | Bought a potion of invisibility for 120 gold pieces
 16388 | D:12     | Bought a potion of invisibility for 120 gold pieces
 16797 | D:12     | Reached XP level 12. HP: 98/106 MP: 11/11
 16840 | D:12     | Noticed a boulder beetle
 16937 | D:12     | Killed a boulder beetle
 17415 | D:12     | Found a staircase to the Orcish Mines.
 17827 | D:13     | Noticed a six-headed hydra
 17838 | D:13     | Killed an 11-headed hydra
 18402 | D:13     | Noticed a centaur warrior
 18414 | D:13     | Killed a centaur warrior
 18486 | D:13     | Noticed a centaur warrior
 18494 | D:13     | Killed a centaur warrior
 18764 | D:13     | Found Zaedoec's Assorted Antiques.
 18812 | D:13     | Bought a scroll of identify for 52 gold pieces
 18812 | D:13     | Bought a scroll of identify for 52 gold pieces
 18812 | D:13     | Bought a scroll of revelation for 195 gold pieces
 18851 | D:13     | Reached skill level 14 in Axes
 18897 | D:13     | Reached skill level 5 in Throwing
 18897 | D:13     | Reached XP level 13. HP: 116/116 MP: 12/12
 18903 | D:13     | Found a large runed translucent door.
 18903 | D:13     | Found a large runed translucent door.
 19732 | D:13     | Paralysed by an air elemental for 1 turns
 19734 | D:13     | Paralysed by an air elemental for 1 turns
 20078 | D:14     | Reached skill level 15 in Axes
 20189 | D:14     | Found a hide-covered altar of Uskayaw.
 20529 | D:14     | Found a runed translucent gate.
 20529 | D:14     | Identified the +3 chain mail "Eleddihiu" {rCorr Int+3}
 20532 | D:14     | Noticed Qymaymp's ghost (adept GrEE)
 20537 | D:14     | Found a runed translucent gate.
 20538 | D:14     | Found a runed translucent gate.
 20592 | D:14     | Paralysed by a hornet for 2 turns
 21033 | D:14     | Noticed a fire dragon
 21043 | D:14     | Killed a fire dragon
 21609 | D:14     | Found a gate to the Vaults.
 22043 | D:14     | Reached skill level 10 in Shields
 22063 | D:14     | HP: 1/116 [burnt (6)]
 22064 | D:14     | Incinerated by Qymaymp's ghost

Illustrated notes

Levels and vault maps discovered:
D:1:      wander_arrival_desolate, layout_loops_ring, minmay_box_of_dots
D:2:      layout_basic, serial_shops, shop, nicolae_shop_advertising_works
          [nicolae_subvault_shop_adworks], nicolae_shop_window_shopping,
          chequers_ecumenical_altar_grove, st_stairs_4, uniq_natasha,
          uniq_sigmund
D:3:      layout_basic, trog_three_pillars_becter,
          nicolae_ru_the_path_less_chosen, nicolae_ashenzari_panopticon,
          gammafunk_ghost_stat_death, uniq_terence, uniq_ijyb
D:4:      layout_loops_corners, mainiacjoe_overflow_concentric_impassable,
          chequers_temple_overflow_statue_of_worship
D:5:      layout_layer_cave, makhleb_altar_promises_db,
          nicolae_hepliaklqana_monster_ancestors, okawaru_trees_2,
          minmay_temple_entry_waves, gup_ossuary_entry_pyramid
D:6:      minmay_chambers_of_fours, layout_basic
D:7:      layout_basic, amcnicky_altar_gilded, gammafunk_ghost_arena,
          enter_bailey_8, billiards_dpeg
D:8:      layout_cave_pods, nzn_wu_jian_contemplation, dpeg_oklobed_lair,
          nicolae_eternal_life, minivault_25
D:9:      layout_stronghold, gammafunk_ghost_grave
D:10:     layout_long_grid, mainiacjoe_overflow_catch_the_wave,
          grunt_temple_overflow_diamond, nicolae_beast_mode
D:11:     layout_loops_corners, special_room [special_room_bee], pond
D:12:     layout_layer_cave, david_orc_4, ebering_ghost_reflecting_pool,
          nicolae_island_escapes
D:13:     layout_grid_maze, serial_shops, nicolae_shop_window_shopping,
          serial_library_hellmonk_room_c, hangedman_abyss_or_decor_lesser_grid,
          lightli_elemental_guards
D:14:     layout_small_grid, hellmonk_vaults_keyhole, nicolae_uskayaw_suspiria,
          biasface_ghost_orc_armoury, dreamdust_wasp_nest

Skill      XL: |  1  2  3  4  5  6  7  8  9 10 11 12 13 |
---------------+----------------------------------------+-----
Fighting       | 4 5 6 7 8 10 11 | 11.9
Axes           | 4 5 6 7 9 10 11 13 14 15 | 15.8
Dodging        | 3 4 5 6 7 |  7.9
Throwing       | 1 2 3 4 5 |  5.8
Stealth        | 1 4 |  4.7
Unarmed Combat | 1 |  1.2
Armour         | 3 5 7 8 10 11 12 | 12.3
Evocations     | 2 3 4 |  4.1
Shields        | 1 3 5 7 8 10 | 10.1

Action                     |  1- 3 |  4- 6 |  7- 9 | 10-12 | 13-15 || total
---------------------------+-------+-------+-------+-------+-------++-------
  Melee: Hand axe          |    49 |    64 |     1 |       |       ||   114
         Headbutt          |     5 |    13 |    51 |   101 |    40 ||   210
         Unarmed           |     6 |    10 |       |       |       ||    16
         Punch             |       |     1 |     1 |       |       ||     2
         War axe           |       |       |   228 |   433 |   142 ||   803
  Throw: Boomerang         |     5 |    10 |       |    32 |     2 ||    49
         Javelin           |       |       |    14 |     9 |       ||    23
 Invoke: Berserk           |     1 |     6 |     2 |     5 |     6 ||    20
         Trog's Hand       |       |       |     1 |     3 |     2 ||     6
         Brothers in Arms  |       |       |       |     3 |     1 ||     4
  Evoke: Wand              |       |       |    60 |    23 |       ||    83
         Box of beasts     |       |       |       |     1 |       ||     1
         Condenser vane    |       |       |       |     1 |       ||     1
    Use: Scroll            |     6 |     5 |    17 |     4 |     1 ||    33
         Potion            |       |       |       |    10 |     5 ||    15
   Stab: Sleeping          |       |       |     1 |       |       ||     1
         Paralysed         |       |       |    10 |       |       ||    10
         Invisible         |       |       |     4 |       |       ||     4
 Armour: Animal skin       |    30 |    35 |     7 |       |       ||    72
         Skin              |     3 |     2 |       |       |       ||     5
         Chain mail        |       |       |   170 |   350 |   136 ||   656
  Dodge: Dodged            |    47 |    51 |   104 |   282 |   115 ||   599
  Block: Other             |       |       |     8 |       |       ||     8
         Buckler           |       |       |    91 |   259 |   101 ||   451
         Reflection        |       |       |    26 |     9 |     3 ||    38
